 Dungeon Crawl Stone Soup version 0.25.1-2-g60ff931df9 (webtiles) character file.

Game seed: 13678729561567235729

112 Kuku the Cudgeler (level 5, 0/41 HPs)
             Began as a Human Skald on Nov 16, 2020.
             Slain by an orc
             ... wielding a +0 flail
              (9 damage)
             ... on level 2 of the Dungeon.
             The game lasted 00:19:35 (4381 turns).

Kuku the Cudgeler (Human Skald)                     Turns: 4381, Time: 00:19:35

Health: 0/41       AC:  4    Str: 12    XL:     5   Next: 16%
Magic:  8/8        EV: 12    Int: 13    God:
Gold:   95         SH:  0    Dex: 13    Spells: 8/9 levels left

rFire    . . .     SeeInvis .   a - +0 mace
rCold    . . .     Gourm    .   (no shield)
rNeg     . . .     Faith    .   b - +0 leather armour
rPois    .         Spirit   .   (no helmet)
rElec    .         Reflect  .   k - +0 cloak
rCorr    .         Harm     .   (no gloves)
MR       .....                  (no boots)
Stlth    +.........             (no amulet)
HPRegen  0.13/turn              (no ring)
MPRegen  0.11/turn              (no ring)

@: no status effects
A: no striking features
a: no special abilities


You were on level 2 of the Dungeon.
You were hungry.

You visited 1 branch of the dungeon, and saw 3 of its levels.

You collected 95 gold pieces.

Inventory:

Hand Weapons
 a - a +0 mace (weapon)
Armour
 b - a +0 leather armour (worn)
 k - a +0 cloak (worn)
Jewellery
 c - an uncursed amulet of reflection {unknown}
Wands
 f - a wand of polymorph (5)
Scrolls
 g - 3 scrolls of identify {unknown}
 i - 2 scrolls of remove curse {unknown}
Potions
 e - 6 potions of curing {unknown}
 h - a potion of haste {unknown}
 j - a potion of cancellation {unknown}
Comestibles
 d - 5 rations


   Skills:
 + Level 3.1 Fighting
 + Level 3.5 Maces & Flails
 * Level 1.7 Armour
 - Level 2.0 Dodging
 - Level 0.2 Stealth
 + Level 2.5 Spellcasting
 - Level 3.0 Charms


You had 8 spell levels left.
You knew the following spells:

 Your Spells              Type           Power        Failure   Level  Hunger
a - Infusion              Chrm           #...         9%          1    #......

Your spell library contained the following spells:

 Spells                   Type           Power        Failure   Level  Hunger
 Song of Slaying          Chrm           #.......     14%         2    ###....
 Shroud of Golubria       Chrm/Tloc      #.....       26%         2    ###....
 Ozocubu's Armour         Chrm/Ice       #.......     45%         3    ###....
 Spectral Weapon          Hex/Chrm       #.......     45%         3    ###....


Dungeon Overview and Level Annotations

Branches:
Dungeon (3/15)

Altars:

Annotations:
D:3 Sigmund


Message History

Sigmund points at you and mumbles some strange words.
You are confused.
You climb upwards.
There is a stone staircase leading down here.
You bump into the rock wall.
The worm closely misses you. The orc completely misses you.
You bump into the rock wall.
You bump into the rock wall.
The orc closely misses you. The worm bites you!
The orc hits you with a +0 flail! The worm bites you but does no damage.
You feel less confused. The orc hits you with a +0 flail!
* * * LOW HITPOINT WARNING * * *
There is a stone staircase leading down, spattered with blood here.
Unknown command.
Aiming: Polymorph
Press: ? - help, Shift-Dir - straight line, f - orc
Aim: an orc, wielding a +0 flail and wearing a +0 chain mail (chance to defeat MR: 63%)
The orc resists with significant effort.
The orc hits you with a +0 flail!
You die...

..##.######.#..#.##........#
####.######.##.#.##........#
.............#.#.##........#
.............#.#.##........#
.............#...##........#
.............##..##........#
.............##..##........#
.............##wo##........#
.............##.@##........#
.............######........#
############## #........#
##########


You could see a worm and an orc.

Vanquished Creatures
  Jessica (D:2)
  2 adders
  A leopard gecko (D:1)
  5 giant cockroaches
  3 goblins
  11 hobgoblins
  12 jackals
  12 bats
  2 frilled lizards (D:2)
  10 kobolds
  2 rats
61 creatures vanquished.

Notes
Turn   | Place    | Note
-------+----------+-------------------------------------------
     0 | D:1      | Kuku the Human Skald began the quest for the Orb.
     0 | D:1      | Reached XP level 1. HP: 16/16 MP: 3/3
   109 | D:1      | Reached XP level 2. HP: 10/22 MP: 5/5
  1019 | D:1      | Reached XP level 3. HP: 22/28 MP: 6/6
  1852 | D:1      | Reached XP level 4. HP: 7/34 MP: 7/7
  3852 | D:2      | Noticed Jessica
  3862 | D:2      | Killed Jessica
  3862 | D:2      | Reached XP level 5. HP: 32/41 MP: 8/8
  4373 | D:3      | Noticed Sigmund
  4381 | D:2      | Slain by an orc

Illustrated notes

Levels and vault maps discovered:
D:1:      shiori_shiawase, layout_basic, minmay_split_cup_large
D:2:      layout_basic, grunt_decor_cap, minivault_5, uniq_jessica
D:3:      layout_rooms, st_stairs_7, uniq_ijyb, uniq_sigmund

Skill      XL: |  1  2  3  4 |
---------------+-------------+-----
Maces & Flails | 3 |  3.5
Fighting       | 3 |  3.1
Armour         | |  1.7
Dodging        | |  2.0
Stealth        | |  0.2
Spellcasting   | |  2.5
Charms         | |  3.0

Action                   |  1- 3 |  4- 6 || total
-------------------------+-------+-------++-------
Melee: Mace              |   108 |   109 ||   217
Evoke: Wand              |       |     1 ||     1
 Stab: Sleeping          |       |     1 ||     1
  Eat: Chunk             |     3 |     4 ||     7
       Ration            |       |     1 ||     1
Armor: Leather armour    |    29 |    35 ||    64
Dodge: Dodged            |    85 |    85 ||   170
